 Dungeon Crawl Stone Soup version 0.29-a0-43-g62a80824bf (webtiles) character file.

Game seed: 10019122714942326729

5391 Crownlay the Geomancer (level 10, -7/50 HPs)
             Began as a Gargoyle Earth Elementalist on Feb 2, 2022.
             Was a Believer of Vehumet.
             Mangled by a wyvern (14 damage)
             ... on level 9 of the Dungeon.
             The game lasted 00:19:54 (11113 turns).

Crownlay the Geomancer (GrEE)                      Turns: 11113, Time: 00:19:55

Health: -7/50      AC: 17    Str: 12    XL:     10   Next: 66%
Magic:  24/24      EV: 11    Int: 20    God:    Vehumet [**....]
Gold:   860        SH:  4    Dex: 10    Spells: 24/30 levels left

rFire   . . .      SeeInvis .   h - +4 mace "Umiusoth" {vorpal, rPois Stlth+}
rCold   + . .      Faith    .   j - +0 buckler
rNeg    + . .      Spirit   .   f - +2 robe {rC+}
rPois   ∞          Reflect  .   (no helmet)
rElec   +          Harm     .   (no cloak)
rCorr   .          Rampage  .   d - +1 pair of gloves
Will    .....                   (no boots)
Stlth   +++.......              s - amulet of regeneration
HPRegen 0.96/turn               r - ring of flight
MPRegen 0.19/turn               x - +4 ring of protection

@: flying
A: sickness immunity, AC +7, negative energy resistance 1, electricity
resistance, torment resistance 1, petrification resistance
a: Renounce Religion


You were on level 9 of the Dungeon.
You worshipped Vehumet.
Vehumet was pleased with you.
You visited 2 branches of the dungeon, and saw 10 of its levels.
You also visited: Ossuary.

You collected 860 gold pieces.

Inventory:

Hand Weapons
 h - the +4 mace "Umiusoth" (weapon) {vorpal, rPois Stlth+}
   (You found it on level 7 of the Dungeon)

   It inflicts extra damage upon your enemies.
   rPois:     It protects you from poison.
   Stlth:     It makes you more stealthy.
Missiles
 o - 268 stones
 v - 2 throwing nets
Armour
 d - a +1 pair of gloves (worn)
 f - a +2 robe of cold resistance (worn)
 j - a +0 buckler (worn)
Jewellery
 r - a ring of flight (left hand)
 s - an amulet of regeneration (around neck)
 x - a +4 ring of protection (right hand)
Wands
 t - a wand of iceblast (2)
 u - a wand of flame (24)
 z - a wand of digging (4)
Scrolls
 a - 7 scrolls of teleportation
 b - 2 scrolls of amnesia {unknown}
 e - 3 scrolls of enchant weapon
 g - a scroll of noise {unknown}
 l - a scroll of identify
 n - 2 scrolls of fear {unknown}
 q - a scroll of magic mapping {unknown}
 w - a scroll of enchant armour
 y - 2 scrolls of fog {unknown}
Potions
 c - 3 potions of might
 i - 3 potions of haste
 k - a potion of berserk rage {unknown}
 m - a potion of lignification {unknown}
 p - 2 potions of ambrosia {unknown}
 A - a potion of attraction {unknown}


   Skills:
 - Level 1.5 Dodging
 - Level 2.1 Stealth
 - Level 4.0 Shields
 * Level 10.7 Spellcasting
 - Level 5.0 Conjurations
 - Level 0.7 Transmutations
 - Level 11.0 Earth Magic


You had 24 spell levels left.
You knew the following spells:

 Your Spells              Type           Power      Damage    Failure   Level
a - Sandblast             Erth           100%       2d20      1%          1
b - Passwall              Tmut/Erth      28%        N/A       1%          2
c - Stone Arrow           Conj/Erth      84%        3d12      1%          3

Your spell library contained the following spells:

 Spells                   Type           Power      Damage    Failure   Level
 Mephitic Cloud           Conj/Pois/Air  17%        N/A       12%         3
 Foxfire                  Conj/Fire      80%        2x1d8     3%          1
 Petrify                  Tmut/Erth      34%        N/A       8%          4
 Conjure Flame            Conj/Fire      20%        6-21      9%          3
 Corpse Rot               Necr/Air       20%        N/A       12%         2
 Poisonous Vapours        Pois/Air       20%        N/A       12%         2
 Gell's Gravitas          Tloc           10%        N/A       24%         3
 Inner Flame              Hex/Fire       10%        N/A       24%         3
 Lesser Beckoning         Tloc           10%        N/A       24%         3
 Teleport Other           Tloc           10%        N/A       24%         3
 Flame Wave               Conj/Fire      20%        2d7       28%         4
 Dispel Undead            Necr           10%        3d9       63%         4
 Death Channel            Necr           5%         N/A       100%        6


Dungeon Overview and Level Annotations

Branches:
Dungeon (9/15)             Temple (1/1) D:6         Ossuary (visited)
   Lair: D:8-11         Orc: D:9-12

Altars:
Ashenzari
Cheibriados
Dithmenos
Elyvilon
Gozag
Hepliaklqana
Kikubaaqudgha
Makhleb
Nemelex Xobeh
Okawaru
Ru
Sif Muna
Trog
Uskayaw
Vehumet
Wu Jian
Xom
Yredelemnul
Zin


Innate Abilities, Weirdness & Mutations

You are immune to sickness and miasma.
Your stone body is resilient. (AC +7)
You are immune to poison.
You resist negative energy. (rN+)
You are resistant to electric shocks. (rElec)
You are resistant to unholy torment.
You are immune to petrification.


Message History

You can't see any susceptible monsters within range! (Use Z to cast anyway.)
You can't see any susceptible monsters within range! (Use Z to cast anyway.)
You can't see any susceptible monsters within range! (Use Z to cast anyway.)
A basilisk and an orc priest come into view.
The orc priest is wielding a +0 dagger of electrocution.
An orc comes into view. It is wielding a +0 flail.
The blast of sand hits the steam dragon!
The steam dragon is heavily wounded.
An orc comes into view. It is wielding a +0 club.
The blast of sand hits the steam dragon!!
You kill the steam dragon!
Vehumet accepts your kill.
You feel your power returning.
An orc comes into view. It is wielding a +0 war axe.
You block the wyvern's attack.
A wyvern comes into view.
The blast of sand hits the wyvern!
The wyvern is heavily wounded.
The wyvern hisses angrily.
The wyvern closely misses you.
An orc warrior comes into view. It is wielding a +0 war axe.
The wyvern bites you!
The blast of sand hits the wyvern.
The wyvern is severely wounded.
The orc warrior shouts!
You block the wyvern's attack. The basilisk closely misses you.
The orc priest mumbles some strange prayers to Beogh against you.
Beogh smites you!
The blast of sand hits the wyvern!
You kill the wyvern!
Vehumet accepts your kill.
You feel your power returning. The basilisk bites you!
You are too injured to fight recklessly!
You are too injured to fight recklessly!
The wyvern closely misses you.
The orc priest invokes the aid of Beogh against you.
Beogh smites you!
* * * LOW HITPOINT WARNING * * *
The wyvern bites you!
You die...

##### ########.#..###
........###.#.##### ##
..###..........##.#..#.#
#.# ###........l...o..##
### ####.#.$..@l.oo.oo.
##.##.....#.....
..##..........#. ###
######..###.# .## # ####
### ## ...# #'# #### #.#
## #.#


You could see a basilisk, an orc warrior, a wyvern, an orc priest and 3 orcs.

Vanquished Creatures
  Joseph (D:7)
  Maggie (D:7)
  5 yaks (D:7)
  2 wyverns (D:9)
  A steam dragon (D:9)
  A water moccasin (D:6)
  2 orc warriors
  A necrophage (D:6)
  A black bear (D:4)
  2 sky beasts
  3 centaurs
  3 elf zombies (D:4)
  4 kobold brigands
  A bullfrog (D:9)
  2 scorpions
  A wyvern skeleton (D:7)
  A wyvern zombie (D:7)
  A water moccasin zombie (D:6)
  2 elf skeletons (D:4)
  A water moccasin skeleton (D:4)
  9 wights
  A centaur zombie (Ossuary)
  6 jellies
  Crazy Yiuf (D:7)
  4 orc priests
  A hound (D:6)
  A human zombie (D:4)
  2 centaur skeletons
  10 orc wizards
  2 iguanas
  2 hound skeletons (D:4)
  2 mummies (Ossuary)
  24 gnolls
  9 adders
  A white imp (D:6)
  An ufetubus (D:6)
  An adder skeleton (D:4)
  3 worms
  3 dart slugs
  30 orcs
  12 ball pythons
  5 endoplasms
  4 giant cockroaches
  37 goblins
  36 hobgoblins
  A quokka (D:2)
  2 bats
  3 frilled lizards
  8 goblin zombies (Ossuary)
  2 hobgoblin zombies (Ossuary)
  27 kobolds
  3 orc zombies (Ossuary)
  5 rats
294 creatures vanquished.

Notes
Turn   | Place    | Note
-------+----------+-------------------------------------------
     0 | D:1      | Crownlay the Gargoyle Earth Elementalist began the quest
                  | for the Orb.
     0 | D:1      | Reached XP level 1. HP: 10/10 MP: 3/3
     6 | D:1      | Noticed a black bear
     6 | D:1      | Noticed a redback
     6 | D:1      | Noticed a water moccasin
     7 | D:1      | Noticed a komodo dragon
     7 | D:1      | Noticed a rime drake
   275 | D:1      | Reached XP level 2. HP: 13/15 MP: 3/5
   333 | D:1      | Reached skill level 4 in Earth Magic
   401 | D:1      | Found a faded altar of an unknown god.
   586 | D:1      | You fall into a shaft and drop 1 floor!
   799 | D:2      | Reached XP level 3. HP: 12/19 MP: 7/7
   977 | D:2      | Reached XP level 4. HP: 24/24 MP: 6/8
  1161 | D:2      | Reached skill level 5 in Earth Magic
  1515 | D:3      | Reached skill level 1 in Shields
  1515 | D:3      | Reached XP level 5. HP: 28/28 MP: 8/10
  1742 | D:3      | Noticed a sky beast
  1788 | D:2      | Learned a level 2 spell: Passwall
  1792 | D:2      | Learned a level 3 spell: Stone Arrow
  1810 | D:3      | Killed a sky beast
  1811 | D:3      | Reached XP level 6. HP: 20/32 MP: 3/12
  2747 | D:4      | Reached skill level 6 in Earth Magic
  3181 | D:4      | Reached XP level 7. HP: 18/36 MP: 4/14
  3247 | D:4      | Reached skill level 5 in Spellcasting
  3247 | D:4      | Reached skill level 7 in Earth Magic
  3335 | D:4      | Found a sand-covered staircase.
  3395 | Ossuary  | Entered an ossuary
  4635 | D:4      | Reached XP level 8. HP: 36/41 MP: 6/16
  4860 | D:4      | Reached skill level 8 in Earth Magic
  5620 | D:5      | Entered Level 5 of the Dungeon
  7392 | D:6      | Reached skill level 9 in Earth Magic
  7430 | D:6      | Reached XP level 9. HP: 45/45 MP: 15/19
  7532 | D:6      | Found a staircase to the Ecumenical Temple.
  7551 | Temple   | Entered the Ecumenical Temple
  7789 | Temple   | Became a worshipper of Vehumet
  7941 | D:6      | Reached skill level 1 in Conjurations
  8395 | D:7      | Reached * piety under Vehumet
  8395 | D:7      | Offered knowledge of Freeze by Vehumet.
  8566 | D:7      | Reached skill level 10 in Earth Magic
  9128 | D:7      | Noticed Maggie
  9135 | D:7      | Killed Maggie
  9136 | D:7      | Reached XP level 10. HP: 31/50 MP: 4/23
  9326 | D:7      | Found a runed translucent door.
  9327 | D:7      | Noticed Crazy Yiuf
  9332 | D:7      | Killed Crazy Yiuf
  9337 | D:7      | Identified the +4 mace "Umiusoth" {vorpal, rPois Stlth+}
  9385 | D:7      | Noticed Joseph
  9394 | D:7      | Killed Joseph
  9708 | D:8      | Reached skill level 5 in Conjurations
  9805 | D:8      | Reached ** piety under Vehumet
  9816 | D:8      | Offered knowledge of Static Discharge by Vehumet.
 10182 | D:8      | Reached skill level 11 in Earth Magic
 10292 | D:8      | Reached skill level 10 in Spellcasting
 10618 | D:9      | Offered knowledge of Mephitic Cloud by Vehumet.
 11034 | D:9      | Found an ornate altar of the Wu Jian Council.
 11113 | D:9      | Mangled by a wyvern

Illustrated notes

Levels and vault maps discovered:
D:1:      onia_arrival_zoo_common, layout_basic, ebering_ecumenical_altar_rust,
          palyth_stone_intersect, hangedman_feature_mirror,
          minmay_misc_feat_alley
D:2:      layout_loops_ring
D:3:      layout_basic
D:4:      layout_rooms, nicolae_ossuary_entry_catacombs, minmay_joined_circles
D:5:      minmay_goblin_kobold_castle, layout_rooms
D:6:      layout_rooms, minmay_temple_entry_waves
D:7:      layout_basic, uniq_joseph, uniq_crazy_yiuf_cottage, uniq_maggie
D:8:      layout_rooms
D:9:      layout_roguey, nzn_wu_jian_council_hall, erik_lair_dragon
Temple:   mainiacjoe_temple_starburst

Skill      XL: |  1  2  3  4  5  6  7  8  9 10 |
---------------+-------------------------------+-----
Earth Magic    | 4 5 6 7 9 10 11 | 11.0
Spellcasting   | 3 4 5 7 9 10 | 10.7
Shields        | 1 2 3 4 |  4.0
Conjurations   | 4 5 |  5.0
Dodging        | |  1.5
Stealth        | |  2.1
Transmutations | |  0.7

Action                   |  1- 3 |  4- 6 |  7- 9 | 10-12 || total
-------------------------+-------+-------+-------+-------++-------
Melee: Dagger            |    43 |   121 |    79 |       ||   243
       Short sword       |     2 |       |       |       ||     2
       Punch             |       |     3 |     1 |       ||     4
       Mace              |       |       |       |    21 ||    21
 Cast: Sandblast         |    18 |    37 |   150 |    23 ||   228
       Stone Arrow       |       |    18 |   103 |    57 ||   178
  Use: Scroll            |       |     2 |     4 |     1 ||     7
 Stab: Sleeping          |       |     1 |     1 |       ||     2
Armor: Robe              |    13 |    57 |    75 |    26 ||   171
Dodge: Dodged            |    34 |    49 |    78 |    29 ||   190
Block: Buckler           |       |       |    21 |    16 ||    37

Table legend: (Time is in decaauts)
 A = Elapsed time spent in this place.
 B = Non-inter-level travel time spent in this place.
 C = Inter-level travel time spent in this place.
 D = Time resting spent in this place.
 E = Time spent auto-exploring this place.
 F = Levels seen in this place.
 G = Mean time per level.
                   A        B        C        D        E       F      G
               +--------+--------+--------+--------+--------+-----+--------+
         Total |  11123 |  10978 |    145 |    949 |   8177 |  11 | 1011.2 |
       Dungeon |   9857 |   9766 |     91 |    424 |   7616 |   9 | 1095.2 |
        Temple |    292 |    238 |     54 |      0 |    230 |   1 |  292.0 |
       Ossuary |    972 |    972 |      0 |    525 |    331 |   1 |  972.0 |
               +--------+--------+--------+--------+--------+-----+--------+

Top non-repeatable levels by time:
     D:4: 1919 daAuts
     D:5: 1716 daAuts
     D:7: 1533 daAuts
     D:3: 1224 daAuts
 Ossuary: 972 daAuts
     D:2: 917 daAuts
     D:8: 754 daAuts
     D:9: 636 daAuts
     D:1: 585 daAuts
     D:6: 570 daAuts
  Temple: 292 daAuts
